 Dungeon Sprint DCSS version 0.20.1-1-g8b1a95d (webtiles) character file.

1063 potatolord6000 the Fighter (level 8, -7/96 HPs)
             Began as an Ogre Gladiator on Aug 28, 2017.
             Was a Believer of Qazlal.
             Mangled by a brown ugly thing (8 damage)
             ... in the Dungeon (Sprint V: "Ziggurat Sprint").
             The game lasted 00:02:15 (121 turns).

potatolord6000 the Fighter (Ogre Gladiator)          Turns: 121, Time: 00:02:15

Health: -7/96      AC:  3    Str: 38    XL:     8   Next: 27%
Magic:  12/20      EV: 13    Int:  9    God:    Qazlal [**....]
Gold:   0          SH:  2    Dex: 10    Spells: 24/24 levels left

rFire    . . .     SeeInvis .   y - +10 dark maul {crush}
rCold    . . .     Gourm    .   (shield currently unavailable)
rNeg     . . .     Faith    .   b - +2 robe
rPois    .         Spirit   .   c - +2 hat
rElec    .         Reflect  .   (no cloak)
rCorr    .         Harm     .   (gloves unavailable)
MR       .....     NoTele   +   (boots unavailable)
Stlth    +.........             (no amulet)
Regen    0.3/turn               E - +6 ring of strength
MPRegen  0.2/turn               F - +6 ring of strength

@: mighty, corroded, very slightly contaminated, hasted, very quick
A: unfitting armour, tough skin 1
a: Upheaval, Renounce Religion


You were in the Dungeon.
You worshipped Qazlal.
Qazlal was pleased with you.
You were not hungry.

You visited 1 branch

Inventory:

Hand Weapons
 y - the +10 dark maul (weapon) {crush}
   (You found it in the Dungeon)

   It inflicts extra damage upon your enemies.
Missiles
 d - 3 throwing nets (quivered)
Armour
 b - a +2 robe (worn)
 c - a +2 hat (worn)
Jewellery
 E - a +6 ring of strength (left hand)
 F - a +6 ring of strength (right hand)
Scrolls
 k - 4 scrolls of blinking
 r - 4 scrolls of amnesia
 s - 3 scrolls of recharging
 t - 7 scrolls of fog
 u - a scroll of holy word
 v - 5 scrolls of identify
 w - 5 scrolls of remove curse
 x - 2 scrolls of fear
Potions
 e - 9 potions of curing
 g - 6 potions of heal wounds
 h - 4 potions of haste
 i - 7 potions of magic
 j - 3 potions of berserk rage
 l - 2 potions of brilliance
 m - a potion of invisibility
 n - 4 potions of resistance
 p - 4 potions of agility
 q - 4 potions of might
Comestibles
 f - 5 bread rations
 z - 42 fruits
 A - 4 meat rations


   Skills:
 + Level 10.7 Fighting
 + Level 7.9 Maces & Flails
 - Level 2.0 Throwing
 + Level 7.9 Dodging
 + Level 8.7 Spellcasting
 + Level 8.6 Invocations


You had 24 spell levels left.
You didn't know any spells.

Dungeon Overview and Level Annotations

Branches:
Dungeon (1/1)

Altars:
Ashenzari
Cheibriados
Dithmenos
Elyvilon
Fedhas
Gozag
Hepliaklqana
Kikubaaqudgha
Makhleb
Nemelex Xobeh
Okawaru
Qazlal
Ru
Sif Muna
Trog
Uskayaw
Vehumet
Xom
Yredelemnul
Zin
The Shining One
Beogh
Jiyva
Lugonu

Annotations:
D 1 transporter


Innate Abilities, Weirdness & Mutations

You are too large for most types of armour.
You have tough skin. (AC +1)


Message History

The green ugly thing tentacle-slaps you!
The green ugly thing misses you.
Unknown command.
You sock the green ugly thing!
The green ugly thing is moderately wounded.
The fire bat misses you. The brown ugly thing barely misses you.
The green ugly thing tentacle-slaps you!
The brown ugly thing barely misses you.
The green ugly thing tentacle-slaps you.
Unknown command.
You closely miss the brown ugly thing.
The brown ugly thing is severely wounded.
The fire bat changes into a human!
The brown ugly thing pecks you!
* * * LOW HITPOINT WARNING * * *
You are splashed with acid!
The acid burns!
* * * LOW HITPOINT WARNING * * *
The green ugly thing tentacle-slaps you!
* * * LOW HITPOINT WARNING * * *
The brown ugly thing pecks you!
You die...

▓▓▓▓▓▓▓▓▓▓▓▓▓▓▓▓▓▓▓
▓.8©8.▓.8©8.▓.8©8.▓
▓.)}|.▓.}}..▓.....▓
▓..|..▓.....▓.|.|.▓
▓.....▓.....▓.))..▓
▓.....▓.....▓.....▓
▓.u§p.▓.....▓.....▓
▓.u@..▓.....▓▓▓▓▓▓▓
▓▓▓▓▓▓▓▓▓▓▓▓▓


You could see 2 ugly things and a human shaped shifter.

Vanquished Creatures
  An ugly thing (D)
  2 merfolk (D)
  A tarantella (D)
  2 scorpions (D)
6 creatures vanquished.

Vanquished Creatures (others)
  A spatial maelstrom (D)
1 creature vanquished.

Grand Total: 7 creatures vanquished

Notes
Turn   | Place    | Note
-------+----------+-------------------------------------------
     0 | D        | potatolord6000 the Ogre Gladiator began the quest for the Orb.
     0 | D        | Reached XP level 1. HP: 22/22 MP: 1/1
     0 | D        | Found a blossoming altar of Fedhas.
     1 | D        | Found a deep blue altar of Sif Muna.
     1 | D        | Found a sacrificial altar of Ru.
     1 | D        | Found a bloodstained altar of Trog.
     1 | D        | Found a stormy altar of Qazlal.
     1 | D        | Found an iron altar of Okawaru.
     1 | D        | Found a sparkling altar of Nemelex Xobeh.
     3 | D        | Found a transporter.
     3 | D        | Found an ancient bone altar of Kikubaaqudgha.
     3 | D        | Found a viscous altar of Jiyva.
     3 | D        | Found a corrupted altar of Lugonu.
     3 | D        | Found a hazy altar of Hepliaklqana.
     3 | D        | Found a burning altar of Makhleb.
     3 | D        | Found an opulent altar of Gozag.
    11 | D        | Banished a spatial maelstrom
    49 | D        | Became a worshipper of Qazlal Stormbringer
    57 | D        | Reached skill level 5 in Fighting
    57 | D        | Reached XP level 2. HP: 35/35 MP: 1/6
    70 | D        | Entered arena 2.
    70 | D        | Noticed a merfolk
    70 | D        | Noticed a merfolk
    70 | D        | Found a transporter.
    75 | D        | Killed a merfolk
    75 | D        | Reached skill level 7 in Fighting
    75 | D        | Reached skill level 5 in Maces & Flails
    75 | D        | Reached skill level 5 in Dodging
    75 | D        | Reached skill level 5 in Spellcasting
    75 | D        | Reached skill level 5 in Invocations
    75 | D        | Reached XP level 3. HP: 43/48 MP: 2/10
    75 | D        | Reached XP level 4. HP: 51/57 MP: 2/11
    75 | D        | Reached XP level 5. HP: 57/63 MP: 2/13
    81 | D        | Killed a merfolk
    81 | D        | Reached skill level 9 in Fighting
    81 | D        | Reached XP level 6. HP: 42/75 MP: 3/16
    81 | D        | Reached XP level 7. HP: 47/83 MP: 3/17
    86 | D        | Entered arena 3.
    86 | D        | Noticed a tarantella
    86 | D        | Found a transporter.
    90 | D        | Killed a tarantella
    90 | D        | Reached * piety under Qazlal
    97 | D        | Reached skill level 10 in Fighting
   108 | D        | Entered arena 4.
   108 | D        | Noticed a red ugly thing
   108 | D        | Noticed a brown ugly thing
   108 | D        | Noticed a brown ugly thing
   108 | D        | Found a transporter.
   118 | D        | Noticed a fire bat
   118 | D        | a big kobold changed into a fire bat
   119 | D        | Killed a cyan ugly thing
   119 | D        | Reached ** piety under Qazlal
   119 | D        | Reached XP level 8. HP: 63/96 MP: 11/20
   121 | D        | HP: 1/96 [green ugly thing (11)]
   121 | D        | Mangled by a brown ugly thing

Skill      XL: |  1  2  3  4  5  6  7 |
---------------+----------------------+-----
Fighting       | 5 7 9 10 | 10.7
Maces & Flails | 4 5 6 7 |  7.9
Dodging        | 4 5 6 7 |  7.9
Spellcasting   | 3 5 7 8 |  8.7
Invocations    | 3 5 7 8 |  8.6
Throwing       | |  2.0

Action                   |  1- 3 |  4- 6 |  7- 9 || total
-------------------------+-------+-------+-------++-------
Melee: Maul              |     3 |     4 |    15 ||    22
  Use: Potion            |     5 |       |     6 ||    11
       Scroll            |       |       |     4 ||     4
 Stab: Invisible         |     1 |     1 |     1 ||     3
Armor: Robe              |       |       |     1 ||     1
Dodge: Dodged            |     3 |     4 |    21 ||    28
Block: Other             |       |       |     1 ||     1
